Kradschützen Motorcycle Team
Construct Light Support Kompanie
Selects L6/40 Light Tank Combat Group
L6/40 Light Tank Combat Group
Construct Panzerarmee Kommand
Selects Defensive Operations
Selects Prepared Positions
Flak 36 Anti-tank Gun Team
Construct Mechanized Kompanie
Selects Obice 305mm Barrage
254 Reconnaissance Tractor
18-tonne Recovery Half-track
Walking Stuka Rocket Launcher
18-tonne Recovery Half-track
Selects Towed Cannone da 105/28 Field Howitzer
Towed Cannone da 105/28 Field Howitzer
Walking Stuka Rocket Launcher
Flak 36 Anti-tank Gun Team
Kradschützen Motorcycle Team
Kradschützen Motorcycle Team